 Dungeon Crawl Stone Soup version 0.26-a0-958-gf3041fb45f (webtiles) character file.

Game seed: 10686380763031732573

196 iamoutofideas the Magician (level 5, -2/28 HPs)
             Began as a Deep Elf Fire Elementalist on Nov 30, 2020.
             Splashed by Blork the orc's acid (16 damage)
             ... on level 4 of the Dungeon.
             The game lasted 00:05:35 (4846 turns).

iamoutofideas the Magician (DEFE)                   Turns: 4846, Time: 00:05:36

Health: -2/28      AC:  3    Str:  5    XL:     5   Next: 45%
Magic:  12/14      EV: 14    Int: 21    God:
Gold:   174        SH:  0    Dex: 15    Spells: 1/14 levels left

rFire    . . .     SeeInvis .   (no weapon)
rCold    . . .     Faith    .   (no shield)
rNeg     . . .     Spirit   .   a - +0 robe
rPois    .         Reflect  .   (no helmet)
rElec    .         Harm     .   d - +0 cloak
rCorr    .         Rampage  .   (no gloves)
MR       .....                  (no boots)
Stlth    ++........             (no amulet)
HPRegen  0.09/turn              (no ring)
MPRegen  0.14/turn              (no ring)

@: no status effects
A: no striking features
a: no special abilities


You were on level 4 of the Dungeon.
You visited 1 branch of the dungeon, and saw 4 of its levels.

You collected 174 gold pieces.

Inventory:

Hand Weapons
 m - a +1 vampiric dagger
Armour
 a - a +0 robe (worn)
 d - a +0 cloak (worn)
Wands
 n - a wand of iceblast (5)
Scrolls
 b - 2 scrolls of immolation
 e - a scroll of teleportation
 f - a scroll of enchant armour {unknown}
 g - 3 scrolls of remove curse
 k - a scroll of identify
Potions
 c - a potion of flight {unknown}
 h - 3 potions of curing
 i - 2 potions of brilliance
 j - a potion of heal wounds
 l - 2 potions of magic {unknown}


   Skills:
 * Level 3.5 Dodging
 - Level 2.5 Stealth
 * Level 5.2 Spellcasting
 + Level 2.6 Conjurations
 + Level 4.4 Fire Magic


You had one spell level left.
You knew the following spells:

 Your Spells              Type           Power        Failure   Level
a - Foxfire               Conj/Fire      ###.         2%          1
b - Conjure Flame         Conj/Fire      ###.....     8%          3
c - Fireball              Conj/Fire      ###.......   56%         5
d - Sticky Flame          Conj/Fire      ###.....     24%         4

Your spell library contained the following spells:

 Spells                   Type           Power        Failure   Level
 Inner Flame              Hex/Fire       ##......     13%         3


Dungeon Overview and Level Annotations

Branches:
Dungeon (4/15)
 Temple: D:4-7

Altars:
Makhleb
Uskayaw

Annotations:
D:4 1 runed translucent door, Blork the orc, Crazy Yiuf


Message History

You conjure some foxfire!
The foxfire hits the frilled lizard.
The frilled lizard is heavily wounded.
Unknown command.
Unknown command.
Casting: Foxfire (safe; 2% risk of failure)
Confirm with . or Enter, or press ? or * to list all spells.
You conjure some foxfire!
Blork the orc shouts!
The foxfire hits the frilled lizard!
You kill the frilled lizard!
No target in view!
No target in view!
Unknown command.
Your foxfire dissipates!
Your foxfire dissipates!
Blork the orc zaps a wand.
The bolt of acid hits you!
Ouch! That really hurt!
You are splashed with acid!
Ouch! That really hurt!
You die...

###≈### #.#≈#.# #
###.#≈#.### # #.#
...#≈#... .# ...
#.#≈#.# #.# .. .#≈#.
... #.###≈###.#
#.#.o@......##
#.######.....# #(#
#.###.# #.# #.# #
#.# #.# #.# #.# #
#####.#### #.# .#
#........###.###.##
#.###.##............


You could see Blork the orc.

Vanquished Creatures
  A bullfrog skeleton (D:4)
  Terence (D:3)
  5 adders
  An ooze (D:2)
  2 worms (D:2)
  3 dart slugs
  2 leopard geckos
  8 orcs
  A giant cockroach (D:1)
  11 goblins
  8 hobgoblins
  3 jackals (D:3)
  2 quokkas
  4 bats
  3 frilled lizards
  10 kobolds
  6 rats
71 creatures vanquished.

Vanquished Creatures (others)
  375 foxfires
  2 plants (D:2)
377 creatures vanquished.

Grand Total: 448 creatures vanquished

Notes
Turn   | Place    | Note
-------+----------+-------------------------------------------
     0 | D:1      | iamoutofideas the Deep Elf Fire Elementalist began the
                  | quest for the Orb.
     0 | D:1      | Reached XP level 1. HP: 10/10 MP: 6/6
   209 | D:1      | Reached XP level 2. HP: 12/15 MP: 0/8
   688 | D:2      | Reached skill level 4 in Spellcasting
   775 | D:2      | Reached XP level 3. HP: 9/19 MP: 4/10
  2683 | D:2      | Reached XP level 4. HP: 24/24 MP: 9/12
  2774 | D:2      | Found a burning altar of Makhleb.
  2979 | D:2      | Found a faded altar of an unknown god.
  3566 | D:3      | Noticed Terence
  3580 | D:3      | Killed Terence
  3581 | D:3      | Reached XP level 5. HP: 28/28 MP: 0/14
  3848 | D:3      | Found a hide-covered altar of Uskayaw.
  4042 | D:4      | Noticed Blork the orc
  4075 | D:4      | Reached skill level 5 in Spellcasting
  4285 | D:4      | Found a runed translucent door.
  4286 | D:4      | Noticed Crazy Yiuf
  4598 | D:4      | Learned a level 3 spell: Conjure Flame
  4604 | D:4      | Learned a level 5 spell: Fireball
  4609 | D:4      | Learned a level 4 spell: Sticky Flame
  4846 | D:4      | Splashed by Blork the orc's acid

Illustrated notes

Levels and vault maps discovered:
D:1:      lemuel_arrival_behind_the_door_large, layout_rooms,
          minmay_misc_feat_room
D:2:      layout_basic, chequers_ecumenical_altar_lobes, eino_curves_03,
          bloody_makhleb
D:3:      layout_rooms, general_overflow_altar, uniq_terence
D:4:      layout_loops_ring, grunt_decor_cap, uniq_crazy_yiuf_cottage,
          uniq_blork_the_orc

Skill      XL: |  1  2  3  4  5 |
---------------+----------------+-----
Spellcasting   | 4 5 |  5.2
Fire Magic     | 4 |  4.4
Dodging        | 3 |  3.5
Conjurations   | 2 |  2.6
Stealth        | |  2.5

Action                   |  1- 3 |  4- 6 || total
-------------------------+-------+-------++-------
Melee: Unarmed           |    11 |     3 ||    14
 Cast: Foxfire           |   130 |   135 ||   265
  Use: Potion            |     1 |     1 ||     2
       Scroll            |       |     8 ||     8
Armor: Robe              |     4 |     4 ||     8
       Skin              |     1 |       ||     1
Dodge: Dodged            |    20 |    24 ||    44

Table legend: (Time is in decaauts)
 A = Elapsed time spent in this place.
 B = Non-inter-level travel time spent in this place.
 C = Inter-level travel time spent in this place.
 D = Time resting spent in this place.
 E = Time spent auto-exploring this place.
 F = Levels seen in this place.
 G = Mean time per level.
                   A        B        C        D        E       F      G
               +--------+--------+--------+--------+--------+-----+--------+
         Total |   4844 |   4731 |    113 |    915 |   3172 |   4 | 1211.0 |
       Dungeon |   4844 |   4731 |    113 |    915 |   3172 |   4 | 1211.0 |
               +--------+--------+--------+--------+--------+-----+--------+

Top non-repeatable levels by time:
     D:2: 2394 daAuts
     D:3: 957 daAuts
     D:4: 819 daAuts
     D:1: 673 daAuts
